 Dungeon Crawl Stone Soup version 0.29.0-5-ge4962eb29e (webtiles) character file.

Game seed: 2339134054741585956

724 nickcage the Spear-Bearer (level 7, -2/51 HPs)
             Began as a Merfolk Gladiator on Aug 29, 2022.
             Was a Follower of the Shining One.
             Slain by a water moccasin (5 damage)
             ... on level 5 of the Dungeon.
             The game lasted 00:09:12 (4272 turns).

nickcage the Spear-Bearer (Merfolk Gladiator)       Turns: 4272, Time: 00:09:13

Health: -2/51      AC: 11    Str: 16    XL:     7   Next: 71%
Magic:  7/7        EV:  8    Int:  7    God:    the Shining One [*.....]
Gold:   337        SH:  0    Dex: 22    Spells: 6/6 levels left

rFire   . . .      SeeInvis .   a - +0 trident (venom)
rCold   . . .      Faith    .   (no shield)
rNeg    . . .      Spirit   .   l - +0 chain mail
rPois   +          Reflect  .   c - +0 helmet
rElec   .          Harm     .   o - +1 cloak
rCorr   .          Rampage  .   (no gloves)
Will    .....                   (no boots)
Stlth   ..........              (no amulet)
HPRegen 0.17/turn               p - +6 ring of dexterity
MPRegen 0.10/turn               s - ring of poison resistance

@: lethally poisoned (-2 -> -15), glowing
A: (nimble swimmer 2), mertail
a: Renounce Religion, Divine Shield


You were on level 5 of the Dungeon.
You worshipped the Shining One.
The Shining One was aware of your devotion.
You visited 1 branch of the dungeon, and saw 5 of its levels.

You collected 337 gold pieces.

Inventory:

Hand Weapons
 a - a +0 trident of venom (weapon)
Missiles
 d - 3 throwing nets
 k - 2 boomerangs (quivered)
 t - 4 poisoned darts
Armour
 b - a +0 leather armour
 c - a +0 helmet (worn)
 g - a +0 scale mail
 l - a +0 chain mail (worn)
 o - a +1 cloak (worn)
Jewellery
 p - a +6 ring of dexterity (left hand)
 s - a ring of poison resistance (right hand)
Scrolls
 e - 4 scrolls of teleportation
 f - 2 scrolls of magic mapping {unknown}
 m - a scroll of vulnerability {unknown}
 r - a scroll of identify
 u - a scroll of fear
Potions
 h - a potion of cancellation
 i - a potion of attraction {unknown}
 j - a potion of flight {unknown}
 n - a potion of brilliance {unknown}
 q - 2 potions of lignification {unknown}


   Skills:
 + Level 2.7 Fighting
 + Level 11.2 Polearms
 - Level 2.0 Throwing
 + Level 0.3 Armour
 - Level 4.0 Dodging


You had 6 spell levels left.
You didn't know any spells.
Your spell library contained the following spells:

 Spells                   Type           Power      Damage    Failure   Level
 Freeze                   Ice            0%         1d3       100%        1
 Necrotise                Necr           0%         1d4       100%        1
 Frozen Ramparts          Ice            0%         1d1       100%        3
 Vampiric Draining        Necr           0%         2d6       100%        3
 Hailstorm                Conj/Ice       0%         3d3       100%        4
 Agony                    Necr           0%         N/A       100%        5


Dungeon Overview and Level Annotations

Branches:
Dungeon (5/15)             Temple (0/1) D:4

Altars:
Ashenzari
Makhleb
Zin
The Shining One

Shops:
D:2 [([=*   D:3 !


Innate Abilities, Weirdness & Mutations

((You are very nimble when in or above water. (Stealth+, EV+, Speed+++)))
Your lower body shifts to a powerful aquatic tail in water.


Message History

You hit the water moccasin but do no damage.
The water moccasin is lightly wounded.
The water moccasin bites you but does no damage.
You hit the water moccasin.
The water moccasin is poisoned.
The water moccasin is moderately wounded.
The water moccasin closely misses you.
You hit the water moccasin.
The water moccasin is moderately wounded.
The water moccasin bites you but does no damage.
You hit the water moccasin.
The water moccasin is moderately wounded.
The water moccasin bites you but does no damage.
The water moccasin barely misses you.
You hit the water moccasin.
The water moccasin is heavily wounded.
The water moccasin bites you.
You barely miss the water moccasin.
The water moccasin is heavily wounded.
The water moccasin bites you.
You hit the water moccasin but do no damage.
The water moccasin looks as sick as possible!
The water moccasin is heavily wounded.
The water moccasin bites you.
* * * LOW HITPOINT WARNING * * *
You closely miss the water moccasin.
The water moccasin is severely wounded.
The water moccasin bites you.
* * * LOW HITPOINT WARNING * * *
You closely miss the water moccasin.
The water moccasin is severely wounded.
The water moccasin bites you!
* * * LOW HITPOINT WARNING * * *
You are lethally poisoned!
The water moccasin poisons you!
You hit the water moccasin.
The water moccasin is almost dead.
* * * LOW HITPOINT WARNING * * *
You feel very sick. The water moccasin bites you.
You die...

#..........#
#..........#
#..........#
#..........##.
#.............
#...).......#
#....S......#
#....)@.....#
#......†....##
............#
.#####......#
...##..# ...##
..# ..# .# ...
.#


You could see a water moccasin (extremely poisoned).

Vanquished Creatures
  An ogre (D:4)
  2 necrophages (D:4)
  A scorpion (D:4)
  A hound (D:4)
  A jelly (D:4)
  2 orc priests
  An iguana (D:5)
  2 orc wizards (D:3)
  10 gnolls
  7 adders
  3 worms
  3 dart slugs
  10 orcs
  7 ball pythons
  4 bats
  11 endoplasms
  5 giant cockroaches
  6 goblins
  7 hobgoblins
  3 jackals (D:3)
  2 kobolds
  3 quokkas
  4 frilled lizards
  3 rats
99 creatures vanquished.

Notes
Turn   | Place    | Note
-------+----------+-------------------------------------------
     0 | D:1      | nickcage the Merfolk Gladiator began the quest for the Orb.
     0 | D:1      | Reached XP level 1. HP: 16/16 MP: 1/1
   206 | D:1      | Reached XP level 2. HP: 22/22 MP: 2/2
   309 | D:1      | Reached skill level 5 in Polearms
   349 | D:1      | Found a faded altar of an unknown god.
   649 | D:2      | Reached XP level 3. HP: 27/27 MP: 3/3
   663 | D:2      | Found Voupabae's Armour Shoppe.
   694 | D:2      | Found Weicsido's Weapon Emporium.
   833 | D:2      | Found Washrunu's Armour Shop.
   855 | D:1      | Reached skill level 6 in Polearms
   858 | D:1      | Reached XP level 4. HP: 15/33 MP: 4/4
  1355 | D:2      | Found Fibrimp's Assorted Antiques.
  1357 | D:2      | Found a glowing golden altar of the Shining One.
  1422 | D:2      | Became a worshipper of the Shining One
  1458 | D:2      | Found Akehumes's Jewellery Boutique.
  1549 | D:3      | Reached skill level 7 in Polearms
  1916 | D:3      | Reached XP level 5. HP: 38/38 MP: 5/5
  2063 | D:3      | Found Qazex's Distillery.
  2187 | D:3      | Reached skill level 8 in Polearms
  2220 | D:3      | Reached XP level 6. HP: 6/44 MP: 6/6
  2553 | D:3      | Found a glowing silver altar of Zin.
  2590 | D:3      | Found a broken altar of Ashenzari.
  3005 | D:4      | Reached skill level 9 in Polearms
  3025 | D:4      | Found a staircase to the Ecumenical Temple.
  3069 | D:4      | Reached skill level 10 in Polearms
  3069 | D:4      | Reached XP level 7. HP: 45/50 MP: 7/7
  3432 | D:4      | Found a burning altar of Makhleb.
  3800 | D:4      | Reached skill level 11 in Polearms
  4052 | D:4      | Reached * piety under the Shining One
  4200 | D:5      | Entered Level 5 of the Dungeon
  4272 | D:5      | Slain by a water moccasin

Illustrated notes

Levels and vault maps discovered:
D:1:      lemuel_arrival_cross, layout_rooms,
          chequers_ecumenical_altar_simple_redux
D:2:      layout_rooms, basic_altar, serial_shops, nicolae_lakefront_shop,
          nicolae_shop_waterfront, shop, shop_statue, shop
D:3:      minmay_chambers_of_twos, layout_basic, nicolae_ashenzari_skybound,
          zin_scriptorium, serial_shops, nicolae_shop_trees
D:4:      layout_basic, makhleb_blood_cavern_becter,
          minmay_temple_entry_statues_pillars
D:5:      cheibrodos_two_vegetables, layout_rooms,
          nicolae_yredelemnul_corpse_copse, eino_small_chamber_without_monster,
          minmay_misc_feat_tiny, minmay_circle_x

Skill      XL: |  1  2  3  4  5  6  7 |
---------------+----------------------+-----
Polearms       | 5 6 7 8 10 11 | 11.2
Fighting       | |  2.7
Throwing       | |  2.0
Armour         | |  0.3
Dodging        | |  4.0

Action                   |  1- 3 |  4- 6 |  7- 9 || total
-------------------------+-------+-------+-------++-------
Melee: Trident           |    97 |   127 |    73 ||   297
       Punch             |       |       |     1 ||     1
Throw: Javelin           |     1 |       |       ||     1
       Boomerang         |       |     5 |    24 ||    29
  Use: Scroll            |       |     7 |       ||     7
Armor: Scale mail        |    14 |       |       ||    14
       Leather armour    |     1 |       |       ||     1
       Chain mail        |    24 |    36 |    14 ||    74
Dodge: Dodged            |    45 |    40 |    14 ||    99
